 Dungeon Crawl Stone Soup version 0.32-a0-931-g5a2cda0 (webtiles) character file.

Game seed: 2856496145982604835

30 Abbadon the Magician (level 3, 0/25 HPs)
             Began as a Gnoll Wanderer on Apr 13, 2024.
             Succumbed to an adder's poison
             ... on level 2 of the Dungeon.
             The game lasted 00:13:09 (906 turns).

Abbadon the Magician (Gnoll Wanderer)                Turns: 906, Time: 00:13:09

Health: 0/25       AC: 10    Str: 19    XL:     3   Next: 20%
Magic:  20/20      EV:  7    Int: 14    God:
Gold:   84         SH:  0    Dex:  8    Spells: 15/16 levels left

rFire   . . .        a - +0 dagger
rCold   . . .        (no shield)
rNeg    . . .        c - +0 chain mail
rPois   .            (no helmet)
rElec   .            (no cloak)
rCorr   .            (no gloves)
SInv    .            (no boots)
Will    .....        (no amulet) Stlth
                     g - +6 ring of strength
HPRegen 0.24/turn    j - ring of magical power
MPRegen 0.17/turn

%: no passive effects
@: lethally poisoned (0 -> -3)
A: fangs 1, strong nose, distributed training
a: no special abilities


You were on level 2 of the Dungeon.
You visited 1 branch of the dungeon, and saw 2 of its levels.

You collected 84 gold pieces.

Inventory:

Hand Weapons
 a - a +0 dagger (weapon)
 h - a +0 hand axe
Missiles
 b - 18 poisoned darts (quivered)
Armour
 c - a +0 chain mail (worn)
Jewellery
 e - an amulet of faith
 g - a +6 ring of strength (left hand)
 j - a ring of magical power (right hand)
Scrolls
 f - a scroll of identify {unknown}
 i - a scroll of revelation {unknown}
 k - a scroll of poison {unknown}
Potions
 d - a potion of invisibility
 l - a potion of enlightenment {unknown}
 m - 2 potions of brilliance {unknown}


   Skills:
 + Level 0.7 Fighting
 + Level 0.7 Short Blades
 + Level 0.7 Long Blades
 + Level 0.7 Axes
 + Level 0.7 Maces & Flails
 + Level 0.7 Polearms
 + Level 0.7 Staves
 + Level 0.7 Ranged Weapons
 + Level 6.5 Throwing
 + Level 6.5 Armour
 + Level 0.7 Dodging
 + Level 2.3 Stealth
 + Level 0.7 Shields
 + Level 0.7 Unarmed Combat
 + Level 7.1 Spellcasting
 + Level 0.5 Conjurations
 + Level 0.5 Hexes
 + Level 0.5 Summonings
 + Level 0.5 Necromancy
 + Level 0.5 Translocations
 + Level 0.5 Fire Magic
 + Level 0.5 Ice Magic
 + Level 0.5 Air Magic
 + Level 0.5 Earth Magic
 + Level 0.5 Alchemy
 + Level 0.9 Invocations
 + Level 0.7 Evocations
 + Level 0.6 Shapeshifting


You had 15 spell levels left.
You knew the following spells:

 Your Spells              Type           Power      Damage    Failure   Level
a - Summon Small Mammal   Summ           24%        N/A       63%         1

Your spell library contained the following spells:

 Spells                   Type           Power      Damage    Failure   Level
 Call Canine Familiar     Summ           6%         N/A       94%         3


Dungeon Overview and Level Annotations

Branches:
Dungeon (2/15)

Altars:

Shops:
D:1 (


Innate Abilities, Weirdness & Mutations

You have very sharp teeth.
Your uncanny sense of smell can sniff out nearby items.
Your experience applies equally to all skills.


Message History

The adder is moderately wounded.
The adder barely misses you. The adder bites you but does no damage.
You closely miss the adder.
The adder is moderately wounded.
The adder bites you.
* * * LOW HITPOINT WARNING * * *
You closely miss the adder.
The adder is moderately wounded.
The adder bites you but does no damage.
You miss the adder.
The adder is moderately wounded.
The adder closely misses you.
You hit the adder.
The adder is heavily wounded.
The adder barely misses you. The adder bites you but does no damage.
You hit the adder but do no damage.
The adder is heavily wounded.
The adder bites you.
* * * LOW HITPOINT WARNING * * *
You hit the adder but do no damage.
The adder is heavily wounded.
The adder bites you.
* * * LOW HITPOINT WARNING * * *
You are lethally poisoned!
The adder poisons you!
You miss the adder.
The adder is heavily wounded.
* * * LOW HITPOINT WARNING * * *
You feel sick. The adder bites you but does no damage.
You barely miss the adder. Your bite misses the adder.
The adder is heavily wounded.
* * * LOW HITPOINT WARNING * * *
You feel sick. The adder bites you but does no damage.
You miss the adder.
The adder is heavily wounded.
* * * LOW HITPOINT WARNING * * *
You feel sick.
The adder bites you but does no damage. x2
You barely miss the adder.
The adder is heavily wounded.
You die...

#..# #?.##. .## #
#.# #..##.#.#.##.#
#.##
#..##......#.###...
#..# ..#.........##
#..# #.....# #.....
#.S####.#.####.....
#.@..............##
#..............#)##
#########.#....)...
#........##
##########


You could see an adder.

Vanquished Creatures
  A dart slug (D:1)
  4 bats
  2 endoplasms
  3 goblins
  A hobgoblin (D:2)
  3 jackals (D:1)
  3 kobolds
  A quokka (D:1)
  2 ball pythons (D:1)
  3 frilled lizards (D:1)
  A rat (D:1)
24 creatures vanquished.

Notes
Turn   | Place    | Note
-------+----------+-------------------------------------------
     0 | D:1      | Abbadon the Gnoll Wanderer began the quest for the Orb.
     0 | D:1      | Abbadon set off with the following items: a +0 dagger, 13
                  | poisoned darts, a +0 chain mail, a potion of invisibility;
                  | and the following spell memorised: Summon Small Mammal; and
                  | the following spells available to memorise: Call Canine
                  | Familiar.
     0 | D:1      | Reached XP level 1. HP: 13/13 MP: 8/8
   226 | D:1      | Reached XP level 2. HP: 16/19 MP: 10/10
   402 | D:1      | Found Himam's Weapon Emporium.
   701 | D:2      | Reached XP level 3. HP: 20/25 MP: 11/11
   904 | D:2      | HP: 1/25 [poisoned by an adder]
   906 | D:2      | Succumbed to an adder's poison

Illustrated notes

Levels and vault maps discovered:
D:1:      lemuel_arrival_broad_hall, layout_rooms, serial_shops,
          nicolae_shop_bloodbath_and_beyond
D:2:      layout_loops_ring, serial_shops, shop, chequers_serial_rivers_room_a,
          uniq_sigmund

Action                     || total
---------------------------++-------
  Melee: Dagger            ||   218
         Bite              ||    14
  Throw: Dart              ||     5
 Armour: Chain mail        ||   283
  Dodge: Dodged            ||   138

Table legend: (Time is in decaauts)
 A = Elapsed time spent in this place.
 B = Non-inter-level travel time spent in this place.
 C = Inter-level travel time spent in this place.
 D = Time resting spent in this place.
 E = Time spent auto-exploring this place.
 F = Levels seen in this place.
 G = Mean time per level.
                   A        B        C        D        E       F      G
               +--------+--------+--------+--------+--------+-----+--------+
         Total |    899 |    899 |      0 |     47 |      0 |   2 |  449.5 |
       Dungeon |    899 |    899 |      0 |     47 |      0 |   2 |  449.5 |
               +--------+--------+--------+--------+--------+-----+--------+

Top non-repeatable levels by time:
     D:1: 594 daAuts
     D:2: 305 daAuts
